 Dungeon Crawl Stone Soup version 0.31-a0-150-g89dc3ad700 (webtiles) character file.

Game seed: 15020076804101828655

3692 jlumianski the Magician (level 10, -2/67 HPs)
             Began as a Djinni Fire Elementalist on June 8, 2023.
             Slain by a queen bee (8 damage)
             ... on level 6 of the Dungeon.
             The game lasted 00:53:18 (7330 turns).

jlumianski the Magician (Djinni Fire Elementalist)  Turns: 7330, Time: 00:53:21

Health: -2/67      AC: 12    Str:  7    XL:     10   Next: 35%
Gold:   370        EV: 15    Int: 27    God:
                   SH:  0    Dex: 14

rFire   + + .        o - +2 dagger (venom)
rCold   x . .        (no shield)
rNeg    . . .        a - +0 robe
rPois   ∞            v - +2 helmet
rElec   .            (no cloak)
rCorr   .            g - +2 pair of gloves
SInv    .            (boots unavailable)
Will    +....        (no amulet)
Stlth   +++          x - +4 ring of protection
HPRegen 0.31/turn    u - +6 ring of intelligence
MPRegen 0.00/turn

%: infuse magic (-3 HP)
@: flying
A: sickness immunity, fire resistance 2, cold vulnerability 1, float, innate
caster, HP casting, extra vitality 1
a: no special abilities


You were on level 6 of the Dungeon.
You visited 2 branches of the dungeon, and saw 8 of its levels.
You also visited: Ossuary.

You collected 370 gold pieces.

Inventory:

Hand Weapons
 b - a +0 whip
 i - a +0 dagger
 o - a +2 dagger of venom (weapon)
 E - a +2 dagger of draining
 I - a +2 antimagic quarterstaff
Missiles
 s - 7 poisoned darts
 C - 2 boomerangs
Armour
 a - a +0 robe (worn)
 g - a +2 pair of gloves (worn)
 v - a +2 helmet (worn)
Magical Staves
 n - a staff of cold
Jewellery
 h - a ring of positive energy
 m - a ring of willpower
 u - a +6 ring of intelligence (right hand)
 x - a +4 ring of protection (left hand)
Wands
 e - a wand of digging (9)
 J - a wand of polymorph (8)
 K - a wand of flame (22)
Scrolls
 j - a scroll of brand weapon
 k - a scroll of enchant weapon {unknown}
 l - a scroll of amnesia
 p - a scroll of magic mapping
 r - 3 scrolls of vulnerability
 t - 2 scrolls of teleportation
 y - a scroll of poison
 F - a scroll of fear {unknown}
 G - a scroll of immolation
Potions
 c - 6 potions of degeneration
 d - 2 potions of lignification
 f - 3 potions of heal wounds
 q - a potion of invisibility
 w - a potion of attraction
 z - a potion of curing
 A - 3 potions of might
 B - 3 potions of enlightenment
 D - a potion of brilliance
 H - a potion of haste
 L - a potion of ambrosia


   Skills:
 + Level 4.0 Fighting
 - Level 0.2 Maces & Flails
 + Level 7.6 Dodging
 + Level 6.5 Stealth
 * Level 7.7 Spellcasting
 * Level 7.7 Conjurations
 * Level 7.7 Hexes
 * Level 7.7 Summonings
 * Level 7.7 Necromancy
 * Level 7.7 Translocations
 * Level 7.7 Transmutations
 * Level 7.7 Fire Magic
 * Level 7.7 Ice Magic
 * Level 7.7 Air Magic
 * Level 7.7 Earth Magic
 * Level 7.7 Poison Magic


You knew the following spells:

 Your Spells              Type           Power      Damage    Failure   Level
a - Foxfire               Conj/Fire      100%       2x1d9     1%          1
b - Scorch                Fire           100%       2d9       1%          2
c - Volatile Blastmotes   Fire/Tloc      100%       2d18      1%          3
d - Inner Flame           Hex/Fire       51%        N/A       1%          3
e - Flame Wave            Conj/Fire      51%        2d13      2%          4
f - Shock                 Conj/Air       100%       1d9       1%          1
g - Poisonous Vapours     Pois/Air       100%       N/A       1%          2
h - Ozocubu's Armour      Ice            51%        N/A       1%          3
i - Animate Armour        Summ/Erth      100%       N/A       2%          4
Your spell library was empty.

Dungeon Overview and Level Annotations

Branches:
Dungeon (7/15)             Temple (1/1) D:5         Ossuary (visited)

Altars:
Cheibriados
Dithmenos
Elyvilon
Fedhas
Gozag
Hepliaklqana
Nemelex Xobeh
Okawaru
Qazlal
Ru
Trog
Uskayaw
Wu Jian
Xom
Zin
The Shining One

Shops:
D:6 (

Annotations:
D:6 ders's ghost, novice GrEE


Innate Abilities, Weirdness & Mutations

You are immune to sickness and miasma.
You are immune to poison.
Your flesh is very heat resistant. (rF++)
You are vulnerable to cold. (rC-)
You float through the air rather than walking.
You learn spells naturally, not from books.
Your magical power is your life essence.
You have superior vitality. (+4 MHP)


Message History

The hornet is almost dead.
The flame wave engulfs the queen bee!
The queen bee is heavily wounded.
The flame wave engulfs ders's ghost!
Ders's ghost is moderately damaged.
The hornet stings you! x2
The queen bee stings you but does no damage.
A wave of flame ripples out!
The flame wave engulfs the hornet!!
You kill the hornet!
The flame wave engulfs the queen bee!
The queen bee is almost dead.
The flame wave engulfs ders's ghost!
Ders's ghost is severely damaged.
You finish channelling waves of flame.
The queen bee stings you.
* * * LOW HITPOINT WARNING * * *
Your Fighting skill increases to level 4!
Your icy armour will break if you move.
Continue?
Your icy armour cracks and falls away as you move.
You see here a killer bee corpse.
Ders's ghost points at you and mumbles some strange words.
The stone arrow misses you. The queen bee attacks as you move away!
The queen bee barely misses you. Ders's ghost casts a spell at you.
The blast of sand misses you. The queen bee attacks as you move away!
The queen bee stings you!
* * * LOW HITPOINT WARNING * * *
You feel better. The queen bee closely misses you.
There is a transporter here.
You enter the transporter and appear at another place.
The queen bee stings you!
* * * LOW HITPOINT WARNING * * *
Okay, then.
Casting: Flame Wave (dangerous; 2% risk of failure)
Confirm with . or Enter, or press ? or * to list all spells.
Flames lash the queen bee.
The queen bee is almost dead.
The queen bee's fire resistance burns away.
* * * LOW HITPOINT WARNING * * *
The queen bee stings you!
You die...

#..##..#.†###..#..##.....#
#..###.†.#...#...###...###
#...#####†W#..#####...##
##[###...#...#...###..#
#.##..#..###..#..##..#
#.###...#...#...###.(#
#..#####..©..#####...#
##..#############..#.#
##......y@..........#
########.†.......###
###########


You could see a queen bee (combustible).

Vanquished Creatures
  A hornet (D:6)
  A wyvern (D:7)
  3 yaks (D:5)
  A steam dragon (D:5)
  3 water moccasins
  An ice beast (D:5)
  A sky beast (D:6)
  2 black bears (D:6)
  A bullfrog (D:7)
  A scorpion (D:7)
  8 wights
  5 water moccasin zombies (Ossuary)
  5 killer bees (D:6)
  2 howler monkeys (D:4)
  3 jellies
  4 hounds
  4 iguanas
  Ijyb (D:3)
  4 orc wizards
  2 sleepcaps
  Natasha (D:3)
  3 mummies
  7 gnolls
  5 adders
  A shadow imp (D:5)
  2 adder zombies (Ossuary)
  A worm (D:2)
  6 dart slugs
  26 orcs
  6 ball pythons
  9 endoplasms
  A giant cockroach (D:4)
  6 hobgoblins
  8 jackals
  A quokka (D:2)
  7 bats
  3 frilled lizards
  3 gnoll zombies (Ossuary)
  6 goblins
  8 hobgoblin zombies
  2 kobolds
  5 kobold zombies
  2 orc zombies (Ossuary)
  6 rats
  A butterfly (D:4)
179 creatures vanquished.

Vanquished Creatures (collateral kills)
  An ice beast (D:6)
  A water moccasin zombie (Ossuary)
  A wight (D:7)
  A kobold zombie (Ossuary)
4 creatures vanquished.

Vanquished Creatures (others)
  408 foxfires
408 creatures vanquished.

Grand Total: 591 creatures vanquished

Notes
Turn   | Place    | Note
-------+----------+-------------------------------------------
     0 | D:1      | jlumianski the Djinni Fire Elementalist began the quest for
                  | the Orb.
     0 | D:1      | jlumianski set off with the following spells memorised:
                  | Foxfire, Scorch, Volatile Blastmotes, Inner Flame, Flame
                  | Wave.
     0 | D:1      | Reached XP level 1. HP: 15/15 MP: 0/0
    79 | D:1      | Reached XP level 2. HP: 17/21 MP: 0/0
   200 | D:1      | Reached XP level 3. HP: 21/25 MP: 0/0
   200 | D:1      | Learned a level 1 spell: Shock
   968 | D:4      | Reached XP level 4. HP: 19/31 MP: 0/0
  1024 | D:5      | Entered Level 5 of the Dungeon
  1258 | D:2      | Reached XP level 5. HP: 32/36 MP: 0/0
  1258 | D:2      | Learned a level 2 spell: Poisonous Vapours
  2074 | D:3      | Found a stormy altar of Qazlal.
  2167 | D:3      | Reached skill level 1 in Fighting
  2167 | D:3      | Reached XP level 6. HP: 34/42 MP: 0/0
  2375 | D:3      | Noticed Ijyb
  2387 | D:3      | Killed Ijyb
  2871 | D:4      | Noticed Natasha
  2891 | D:3      | Killed Natasha
  2954 | D:4      | Reached XP level 7. HP: 8/47 MP: 0/0
  2954 | D:4      | Learned a level 3 spell: Ozocubu's Armour
  3261 | D:4      | Found a shimmering altar of Xom.
  3400 | D:4      | Found a sparkling altar of Nemelex Xobeh.
  3979 | D:5      | Found a staircase to the Ecumenical Temple.
  3989 | Temple   | Entered the Ecumenical Temple
  4195 | D:5      | Found a hide-covered altar of Uskayaw.
  4252 | D:5      | Noticed a yak
  4253 | D:5      | Noticed a yak
  4253 | D:5      | Noticed a yak
  4320 | D:5      | Killed a yak
  4321 | D:5      | Reached XP level 8. HP: 35/55 MP: 0/0
  4466 | D:5      | Killed a yak
  4467 | D:5      | Reached skill level 5 in Dodging
  4467 | D:5      | Reached skill level 5 in Spellcasting
  4467 | D:5      | Reached skill level 5 in Conjurations
  4467 | D:5      | Reached skill level 5 in Hexes
  4467 | D:5      | Reached skill level 5 in Summonings
  4467 | D:5      | Reached skill level 5 in Necromancy
  4467 | D:5      | Reached skill level 5 in Translocations
  4467 | D:5      | Reached skill level 5 in Transmutations
  4467 | D:5      | Reached skill level 5 in Fire Magic
  4467 | D:5      | Reached skill level 5 in Ice Magic
  4467 | D:5      | Reached skill level 5 in Air Magic
  4467 | D:5      | Reached skill level 5 in Earth Magic
  4467 | D:5      | Reached skill level 5 in Poison Magic
  4493 | D:5      | Killed a yak
  5159 | D:5      | Reached skill level 5 in Stealth
  5159 | D:5      | Reached XP level 9. HP: 46/60 MP: 0/0
  5159 | D:5      | Learned a level 4 spell: Animate Armour
  5497 | D:7      | Found a sand-covered staircase.
  5508 | Ossuary  | Entered an ossuary
  6237 | D:6      | Found a transporter.
  6237 | D:6      | Found a transporter.
  6245 | D:6      | Noticed ders's ghost (novice GrEE)
  6248 | D:6      | Noticed a queen bee
  6249 | D:6      | Noticed a hornet
  6611 | D:6      | Reached XP level 10. HP: 58/67 MP: 0/0
  6641 | D:6      | Found Nenuor's Weapon Shop.
  7330 | D:6      | Slain by a queen bee

Illustrated notes

Levels and vault maps discovered:
D:1:      dpeg_arrival_connections, layout_basic
D:2:      layout_basic
D:3:      layout_basic, nicolae_qazlal_scattered_showers, minmay_ruptured,
          uniq_ijyb
D:4:      layout_loops_ring, nemelex_xobeh_ov_fountains_minmay, xom_butterflies,
          uniq_natasha
D:5:      layout_loops_cross, lemuel_round_altar,
          minmay_temple_entry_glassed_door, small_statue_intersection
D:6:      layout_basic, serial_shops, shop, gammafunk_ghost_hive
D:7:      layout_cave_pools, mainiacjoe_overflow_cross_hatched,
          nicolae_ossuary_entry_giza, chequers_hall_statues_y,
          kennysheep_pointless_box, uniq_maggie
Temple:   nicolae_temple_great_sept

Skill      XL: |  1  2  3  4  5  6  7  8  9 10 |
---------------+-------------------------------+-----
Spellcasting   | 4 5 7 |  7.7
Conjurations   | 4 5 7 |  7.7
Hexes          | 4 5 7 |  7.7
Summonings     | 4 5 7 |  7.7
Necromancy     | 4 5 7 |  7.7
Translocations | 4 5 7 |  7.7
Transmutations | 4 5 7 |  7.7
Fire Magic     | 4 5 7 |  7.7
Ice Magic      | 4 5 7 |  7.7
Air Magic      | 4 5 7 |  7.7
Earth Magic    | 4 5 7 |  7.7
Poison Magic   | 4 5 7 |  7.7
Stealth        | 2 3 5 6 |  6.5
Dodging        | 3 4 5 7 |  7.6
Fighting       | 1 2 3 4 |  4.0
Maces & Flails | |  0.2

Action                     |  1- 3 |  4- 6 |  7- 9 | 10-12 || total
---------------------------+-------+-------+-------+-------++-------
  Melee: Whip              |    17 |       |       |       ||    17
         Dagger            |    20 |    50 |   159 |    31 ||   260
         Punch             |       |     1 |     3 |     1 ||     5
   Cast: Foxfire           |    37 |    53 |   120 |    17 ||   227
         Scorch            |     1 |     5 |     9 |     1 ||    16
         Poisonous Vapours |       |     1 |       |       ||     1
         Ozocubu's Armour  |       |       |    10 |     4 ||    14
         Volatile Blastmot |       |       |     9 |       ||     9
         Animate Armour    |       |       |     7 |     1 ||     8
         Flame Wave        |       |       |       |     4 ||     4
    Use: Potion            |     1 |     1 |     3 |     1 ||     6
         Scroll            |       |     7 |    10 |       ||    17
   Stab: Sleeping          |     4 |     4 |     7 |     4 ||    19
         Distracted        |       |       |     3 |       ||     3
 Armour: Robe              |    11 |    14 |   112 |    28 ||   165
  Dodge: Dodged            |    32 |    62 |   228 |    65 ||   387

Table legend: (Time is in decaauts)
 A = Elapsed time spent in this place.
 B = Non-inter-level travel time spent in this place.
 C = Inter-level travel time spent in this place.
 D = Time resting spent in this place.
 E = Time spent auto-exploring this place.
 F = Levels seen in this place.
 G = Mean time per level.
                   A        B        C        D        E       F      G
               +--------+--------+--------+--------+--------+-----+--------+
         Total |   7335 |   7202 |    133 |   1314 |   3064 |   9 |  815.0 |
       Dungeon |   6654 |   6521 |    133 |   1122 |   3038 |   7 |  950.6 |
        Temple |    118 |    118 |      0 |      0 |     16 |   1 |  118.0 |
       Ossuary |    562 |    562 |      0 |    192 |     10 |   1 |  562.0 |
               +--------+--------+--------+--------+--------+-----+--------+

Top non-repeatable levels by time:
     D:3: 1489 daAuts
     D:6: 1205 daAuts
     D:5: 1072 daAuts
     D:4: 906 daAuts
     D:1: 754 daAuts
     D:2: 703 daAuts
 Ossuary: 562 daAuts
     D:7: 522 daAuts
  Temple: 118 daAuts
